 Dungeon Crawl Stone Soup version 0.18.1-47-g9310371 (webtiles) character file.

3480 cheezburgr the Fighter (level 9, 0/75 HPs)
             Began as a Demonspawn Abyssal Knight on June 14, 2016.
             Was an Elder of Lugonu.
             Slain by a spiny frog (14 damage)
             ... on level 1 of the Lair of Beasts.
             The game lasted 00:50:03 (7967 turns).

cheezburgr the Fighter (Demonspawn Abyssal Knight)  Turns: 7967, Time: 00:50:04

Health: 0/75       AC: 12    Str: 14    XL:     9   Next: 79%
Magic:  11/11      EV:  8    Int: 14    God:    Lugonu [****..]
Gold:   475        SH: 12    Dex: 16    Spells: 0 memorised, 8 levels left

rFire  . . .     SeeInvis .     D - +1 long sword
rCold  . . .     Gourm    .     j - +0 chain mail
rNeg   + . .     Faith    .     f - +2 buckler
rPois  .         Spirit   .     (no helmet)
rElec  .         Dismiss  .     H - +0 cloak
rCorr  .         Reflect  +     (no gloves)
SustAt .         Harm     .     y - +0 pair of boots
MR     .....                    I - +5 amulet of reflection
Stlth  ..........               (no ring)
                                G - ring of positive energy

@: not resistant to hostile enchantments, extremely unstealthy
A: claws 1, thin skeletal structure 1, demonic guardian 1, powered by death 2
a: Depart the Abyss, Bend Space, Banish, Corrupt, Renounce Religion


You were on level 1 of the Lair of Beasts.
You worshipped Lugonu.
Lugonu was greatly pleased with you.
You were hungry.

You visited 2 branches of the dungeon, and saw 10 of its levels.
You visited the Abyss 1 time.

You collected 475 gold pieces.

Inventory:

Hand Weapons
 a - a +1 vampiric falchion
 b - a +1 spear of flaming
 x - a +0 giant spiked club
 A - a +3 rapier of holy wrath
 D - a +1 long sword (weapon)
 J - a +0 short sword
Armour
 f - a +2 buckler (worn)
 j - a +0 chain mail (worn)
 y - a +0 pair of boots (worn)
 H - a +0 cloak (worn)
 K - a cursed +0 plate armour
Jewellery
 G - a ring of positive energy (left claw)
 I - a +5 amulet of reflection (around neck)
Wands
 e - a wand of digging (7/24)
 o - a wand of lightning (15/15)
 t - a wand of teleportation (5/9)
Scrolls
 d - 3 scrolls of remove curse
 h - 5 scrolls of identify
 p - 3 scrolls of teleportation
 s - a scroll of amnesia
 E - 2 scrolls of magic mapping
 M - a scroll of recharging
 N - a scroll of noise
 O - a scroll of blinking {unknown}
 P - a scroll of enchant weapon
Potions
 c - a potion of flight {unknown}
 g - a potion of heal wounds {unknown}
 i - 3 potions of brilliance {unknown}
 k - a potion of cure mutation {unknown}
 m - 2 potions of magic {unknown}
 n - a potion of curing
 q - a potion of lignification {unknown}
 r - a potion of berserk rage {unknown}
 v - 3 potions of haste {unknown}
 z - a potion of resistance {unknown}
Books
 u - a book of Conjurations

   Spells                             Type                      Level
   a - Magic Dart                     Conjuration                  1
   b - Searing Ray                    Conjuration                  2
   c - Dazzling Spray                 Conjuration/Hexes            3
   d - Fulminant Prism                Conjuration/Hexes            4
   e - Iskenderun's Mystic Blast      Conjuration                  4
   f - Iskenderun's Battlesphere      Conjuration/Charms           5
 B - a book of Ice

   Spells                             Type                      Level
   a - Ice Form                       Ice/Transmutation            4
   b - Metabolic Englaciation         Hexes/Ice                    5
   c - Ozocubu's Refrigeration        Ice                          6
   d - Bolt of Cold                   Conjuration/Ice              6
   e - Freezing Cloud                 Conjuration/Ice/Air          6
   f - Simulacrum                     Ice/Necromancy               6
 C - a book of Envenomations

   Spells                             Type                      Level
   a - Spider Form                    Transmutation/Poison         3
   b - Olgreb's Toxic Radiance        Poison                       4
   c - Alistair's Intoxication        Transmutation/Poison         5
   d - Poisonous Cloud                Conjuration/Poison/Air       6
Comestibles
 l - 2 meat rations
 w - a bread ration
 F - 5 chunks of flesh
 L - 4 fruits


   Skills:
 * Level 8.4 Fighting
 * Level 7.4 Long Blades
 + Level 5.3 Armour
 + Level 3.8 Dodging
 + Level 1.1 Stealth
 + Level 3.6 Shields
 + Level 3.3 Invocations


You had 8 spell levels left.
You didn't know any spells.

Dungeon Overview and Level Annotations

Branches:
Dungeon (8/15)             Temple (0/1) D:6            Lair (2/8) D:8

Altars:
Cheibriados
Makhleb
Pakellas
Yredelemnul

Shops:
D:4 }   D:7 [   D:8 :


Innate Abilities, Weirdness & Mutations

You have sharp fingernails.
You have a somewhat thin skeletal structure (Dex +2, Stealth).
A weak demonic guardian rushes to your aid.
You regenerate health from kills.


Message History

You block the water moccasin's attack. The water moccasin barely misses you.
Your white imp gestures at the water moccasin.
The puff of frost hits the water moccasin.
The water moccasin barely misses your white imp. x2
Your white imp hits the water moccasin.
Your white imp freezes the water moccasin.
The spiny frog stings you!
* * * LOW HITPOINT WARNING * * *
The water moccasin bites your white imp but does no damage.
The river rat bites your white imp!
Your white imp closely misses the water moccasin.
Eat one of 5 chunks of flesh? (ye/n/q/i?)
Okay, then.
Drink which item? (? for menu, Esc to quit)
You feel better.
The water moccasin bites your white imp.
Your white imp dies!
The spiny frog stings you!
You die...

#.............####P.......
###.............##.....##.
###.##..................##.
#.##..................### #
##.........#.#.......## #
#####....^#####.......#
#P.....#.........##
##.................
####...@.....#.#......
##......rF..######.....
###.....##...#.#
#...########..## #§†####
#P...## ###...# ###rS..##
##..## #.#.r...#..
##..###...r.......
#................


You could see a spiny frog, a water moccasin (unaware) and 4 river rats.

Vanquished Creatures
  A komodo dragon (Lair:1)
  5 yaks (D:8)
  An ice beast (D:8)
  2 orc warriors
  2 ogres
  2 sky beasts
  A centaur (D:7)
  9 big kobolds (D:8)
  3 giant frogs
  A wyvern zombie (D:7)
  3 howler monkeys
  A hound (D:5)
  A jelly (D:8)
  3 orc priests
  An orc wizard (D:6)
  Terence (D:2)
  9 worker ants
  A hound skeleton (D:6)
  A howler monkey zombie (D:5)
  A gnoll (D:1)
  6 adders
  3 river rats (D:8)
  2 oozes
  4 worms
  A dart slug (D:1)
  4 giant geckos
  9 orcs
  3 giant cockroaches
  6 goblins
  3 hobgoblins
  11 jackals
  2 ball pythons
  10 bats
  4 giant newts
  14 kobolds
  A quokka skeleton (D:8)
  12 rats
  A spectral orc (D:3)
  A plant (D:6)
146 creatures vanquished.

Vanquished Creatures (collateral kills)
  An orc warrior (D:8)
  An ogre (D:4)
  2 big kobolds (D:8)
  A crocodile (D:8)
  A giant frog (D:7)
  2 hounds
  An orc priest (D:5)
  An orc wizard (D:5)
  A worker ant (D:4)
  A river rat (Lair:1)
  A shadow imp (D:6)
  2 orcs
  A bat (D:8)
  A giant newt (D:7)
  A kobold (D:8)
18 creatures vanquished.

Vanquished Creatures (others)
  A kobold (D:8)
  3 fungi (D:8)
  A plant (D:8)
5 creatures vanquished.

Grand Total: 169 creatures vanquished

Notes
Turn   | Place    | Note
--------------------------------------------------------------
     0 | Abyss:1  | cheezburgr the Demonspawn Abyssal Knight began the quest for the Orb.
     0 | Abyss:1  | Reached XP level 1. HP: 18/18 MP: 2/2
     0 | D:1      | Escaped the Abyss
   145 | D:1      | Reached skill level 1 in Dodging
   235 | D:1      | Reached * piety under Lugonu
   241 | D:1      | Gained mutation: You regenerate a little health from kills. [demonic ancestry]
   241 | D:1      | Reached XP level 2. HP: 4/24 MP: 3/3
   760 | D:1      | Gained mutation: A weak demonic guardian rushes to your aid. [demonic ancestry]
   760 | D:1      | Reached XP level 3. HP: 26/29 MP: 5/5
  1699 | D:2      | Noticed Terence
  1809 | D:2      | Killed Terence
  1809 | D:2      | Gained mutation: You regenerate health from kills. [demonic ancestry]
  1809 | D:2      | Reached XP level 4. HP: 25/37 MP: 6/6
  2001 | D:2      | Reached ** piety under Lugonu
  2330 | D:3      | Reached skill level 4 in Fighting
  2410 | D:3      | Found a basalt altar of Yredelemnul.
  2454 | D:3      | Noticed an ogre
  2613 | D:4      | Noticed an ogre
  2666 | D:3      | Found an oddly glowing altar of Pakellas.
  2759 | D:4      | Reached XP level 5. HP: 40/42 MP: 7/7
  2781 | D:4      | Killed an ogre
  2935 | D:4      | Found a snail-covered altar of Cheibriados.
  3058 | D:4      | Noticed an ogre
  3062 | D:4      | Killed an ogre
  3168 | D:4      | Found Nonawuol's Gadget Shoppe.
  3661 | D:4      | Gained mutation: You have sharp fingernails. [demonic ancestry]
  3661 | D:4      | Reached XP level 6. HP: 29/49 MP: 8/8
  3853 | D:5      | Entered Level 5 of the Dungeon
  4274 | D:5      | Reached skill level 5 in Fighting
  5097 | D:6      | Found a burning altar of Makhleb.
  5112 | D:6      | Noticed an orc warrior
  5138 | D:6      | Killed an orc warrior
  5138 | D:6      | Reached XP level 7. HP: 35/56 MP: 9/9
  5265 | D:6      | Reached *** piety under Lugonu
  5654 | D:6      | Found a staircase to the Ecumenical Temple.
  6322 | D:7      | Reached skill level 6 in Fighting
  6369 | D:7      | Reached skill level 1 in Stealth
  6369 | D:7      | Gained mutation: You have a somewhat thin skeletal structure (Dex +2, Stealth). [demonic ancestry]
  6369 | D:7      | Reached XP level 8. HP: 64/64 MP: 10/10
  6419 | D:7      | Found Ogestrul's Antique Armour Shop.
  6765 | D:7      | Reached skill level 5 in Long Blades
  6769 | D:7      | Reached skill level 1 in Shields
  7179 | D:8      | Reached skill level 7 in Fighting
  7209 | D:8      | Reached XP level 9. HP: 56/72 MP: 11/11
  7300 | D:8      | Reached **** piety under Lugonu
  7310 | D:8      | Reached skill level 5 in Armour
  7392 | D:8      | Reached skill level 8 in Fighting
  7506 | D:8      | Found Lonnod's Book Emporium.
  7675 | D:8      | Found a staircase to the Lair.
  7689 | Lair:1   | Entered Level 1 of the Lair of Beasts
  7790 | Lair:1   | Noticed a komodo dragon
  7808 | Lair:1   | Killed a komodo dragon
  7893 | Lair:1   | Noticed a spiny frog
  7938 | Lair:1   | HP: 3/75 [poisoned by a spiny frog]
  7967 | Lair:1   | Slain by a spiny frog

Skill      XL: |  1  2  3  4  5  6  7  8  9 |
---------------+----------------------------+-----
Dodging        | 1 2 3 |  3.8
Armour         | 2 3 4 5 |  5.3
Long Blades    | 2 3 4 6 7 |  7.4
Invocations    | 3 |  3.3
Fighting       | 4 5 6 7 8 |  8.4
Stealth        | 1 |  1.1
Shields        | 2 3 |  3.6

Action                   |  1- 3 |  4- 6 |  7- 9 || total
-------------------------+-------+-------+-------++-------
Melee: Falchion          |   118 |   168 |       ||   286
       Spear             |       |    25 |       ||    25
       Long sword        |       |    15 |   524 ||   539
Invok: Depart the Abyss  |     1 |       |       ||     1
       Bend Space        |       |     1 |     4 ||     5
  Use: Scroll            |     2 |     8 |     4 ||    14
       Potion            |     1 |     2 |     3 ||     6
 Stab: Distracted        |       |     1 |     1 ||     2
  Eat: Bread ration      |     1 |     1 |       ||     2
       Meat ration       |       |     1 |     1 ||     2
       Royal jelly       |       |       |     1 ||     1
       Chunk             |       |       |     3 ||     3
Armor: Leather armour    |    36 |    16 |       ||    52
       Chain mail        |       |    93 |   211 ||   304
Dodge: Dodged            |    91 |   100 |   125 ||   316
Block: Buckler           |       |       |   271 ||   271
       Reflection        |       |       |    13 ||    13
